3A
GRAND FORKS CATERPILLARS @ PUT-IN-BAY BC
05/09/2038
 
TOP OF THE 1ST
Grand Forks Caterpillars batting - Pitching for Put-In-Bay BC : RHP Jeremy Brody
Pitching: RHP Jeremy Brody
Batting: SHB Manu Pakkarinen 0-0: Ball
1-0: Ball
2-0: Called Strike
2-1: Called Strike
2-2: Ball
3-2: Strikes out swinging
Batting: RHB Germán Escobar 0-0: Ball
1-0: Called Strike
1-1: Ball
2-1: Called Strike
2-2: Strikes out swinging
Batting: LHB Norbert Ingalsbe 0-0: Ball
1-0: Ball
2-0: Ball
3-0: Base on Balls
Batting: LHB Carlos Rosário 0-0: Called Strike
0-1: Fly out, F8 (Flyball, 78M, EV 85.0 MPH)
Top of the 1st over - 0 runs, 0 hits, 0 errors, 1 left on base; Grand Forks 0 - Put-In-Bay 0
BOTTOM OF THE 1ST
Put-In-Bay BC batting - Pitching for Grand Forks Caterpillars : RHP Franck Perrault
Pitching: RHP Franck Perrault
Batting: RHB Eduard Argelander 0-0: Called Strike
0-1: Fly out, F8 (Line Drive, 8LD, EV 97.5 MPH)
Batting: LHB Javier Castro 0-0: Ball
1-0: Ball
2-0: Ground out U3 (Groundball, 34, EV 98.1 MPH)
Batting: LHB Snow Wang 0-0: Ground out 5-3 (Groundball, 5, EV 101.9 MPH)
Bottom of the 1st over - 0 runs, 0 hits, 0 errors, 0 left on base; Grand Forks 0 - Put-In-Bay 0
TOP OF THE 2ND
Grand Forks Caterpillars batting - Pitching for Put-In-Bay BC : RHP Jeremy Brody
Batting: RHB John Camp 0-0: Fly out, F9 (Line Drive, 9, EV 85.6 MPH)
Batting: RHB Sam McConnell 0-0: Called Strike
0-1: Foul Ball, location: 2F
0-2: Ball
1-2: Ball
2-2: Fly out, F8 (Flyball, 8LXD, EV 100.6 MPH)
Batting: LHB Armando Ventura 0-0: Fly out, F7 (Flyball, 7, EV 90.0 MPH)
Top of the 2nd over - 0 runs, 0 hits, 0 errors, 0 left on base; Grand Forks 0 - Put-In-Bay 0
BOTTOM OF THE 2ND
Put-In-Bay BC batting - Pitching for Grand Forks Caterpillars : RHP Franck Perrault
Batting: SHB Ángel García 0-0: Foul Ball, location: 2F
0-1: Foul Ball, location: 2F
0-2: Foul Ball, location: 2F
0-2: Ball
1-2: Ball
2-2: Ball
3-2: DOUBLE (Groundball, 3L, EV 103.8 MPH)
Batting: LHB Wyatt Quick 0-0: Swinging Strike
0-1: SINGLE (Line Drive, 78S, EV 101.2 MPH)
Ángel García to third
Batting: RHB Tom Hendrickson 0-0: Swinging Strike
0-1: Ball
1-1: Swinging Strike
1-2: Ball
2-2: Strikes out looking
Batting: RHB Martin Payton 0-0: Foul Ball, location: 2F
0-1: Ball
1-1: Swinging Strike
1-2: Foul Ball, location: 2F
1-2: Ball
2-2: Foul Ball, location: 2F
2-2: Strikes out swinging
Batting: RHB Kent Potter 0-0: 3-RUN HOME RUN (Flyball, 7LD, EV 100.6 MPH), Distance : 328 ft
Batting: RHB Victor Haley 0-0: Ball
1-0: Called Strike
1-1: Swinging Strike
1-2: Ball
2-2: Strikes out swinging
Bottom of the 2nd over - 3 runs, 3 hits, 0 errors, 0 left on base; Grand Forks 0 - Put-In-Bay 3
TOP OF THE 3RD
Grand Forks Caterpillars batting - Pitching for Put-In-Bay BC : RHP Jeremy Brody
Batting: RHB Curtis Edwards 0-0: Ball
1-0: Called Strike
1-1: Foul Ball, location: 2F
1-2: Foul Ball, location: 2F
1-2: TRIPLE (Flyball, 78XD, EV 102.5 MPH)
Batting: RHB Alfredo Guerrero 0-0: Called Strike
0-1: Ball
1-1: Swinging Strike
1-2: Ball
2-2: SINGLE (Line Drive, 4D, EV 95.6 MPH)
Curtis Edwards scores
Batting: SHB Manu Pakkarinen 0-0: Called Strike
0-1: DOUBLE (Line Drive, 89M, EV 93.1 MPH)
Alfredo Guerrero to third
Batting: RHB Germán Escobar 0-0: Ball
1-0: Ball
2-0: Foul Ball, location: 2F
2-1: Foul Ball, location: 2F
2-2: Strikes out swinging
Batting: LHB Norbert Ingalsbe 0-0: Foul Ball, location: 2F
0-1: Ball
1-1: Foul Ball, location: 2F
1-2: Fly out, F8 (Flyball, 8RD, EV 93.1 MPH)
Runner from 3rd tags up, SCORES, throw by CF
Batting: LHB Carlos Rosário 0-0: Ball
1-0: Foul Ball, location: 2F
1-1: Foul Ball, location: 2F
1-2: Ball
2-2: Foul Ball, location: 2F
2-2: Ball
3-2: Foul Ball, location: 2F
3-2: SINGLE (Popup, 4D, EV 56.9 MPH)
Manu Pakkarinen to third
Manu Pakkarinen scores
Batting: RHB John Camp 0-0: Called Strike
0-1: Ball
1-1: Foul Ball, location: 2F
1-2: Foul Ball, location: 2F
1-2: Strikes out swinging
Top of the 3rd over - 3 runs, 4 hits, 0 errors, 1 left on base; Grand Forks 3 - Put-In-Bay 3
BOTTOM OF THE 3RD
Put-In-Bay BC batting - Pitching for Grand Forks Caterpillars : RHP Franck Perrault
Batting: RHB Eduard Argelander 0-0: Called Strike
0-1: Foul Ball, location: 2F
0-2: Foul Ball, location: 2F
0-2: Ground out 6-3 (Groundball, 6, EV 96.9 MPH)
Batting: LHB Javier Castro 0-0: Ball
1-0: Ball
2-0: Ball
3-0: Base on Balls
Batting: LHB Snow Wang 0-0: Ball
1-0: Ball
2-0: Ball
3-0: Called Strike
3-1: Foul Ball, location: 2F
3-2: DOUBLE (Line Drive, 5D, EV 97.5 MPH)
Javier Castro to third
Batting: SHB Ángel García 0-0: Called Strike
0-1: Ball
1-1: Foul Ball, location: 2F
1-2: Ball
2-2: Foul Ball, location: 2F
2-2: Foul Ball, location: 2F
2-2: Ball
3-2: Fly out, F8 (Flyball, 8LM, EV 86.2 MPH)
Runner from 3rd tags up, OUT at HOME! 8-2
Bottom of the 3rd over - 0 runs, 1 hit, 0 errors, 1 left on base; Grand Forks 3 - Put-In-Bay 3
TOP OF THE 4TH
Grand Forks Caterpillars batting - Pitching for Put-In-Bay BC : RHP Jeremy Brody
Batting: RHB Sam McConnell 0-0: Called Strike
0-1: Ball
1-1: Foul Ball, location: 2F
1-2: Ball
2-2: Ground out 4-3 (Groundball, 4, EV 80.0 MPH)
Batting: LHB Armando Ventura 0-0: Ground out U3 (Groundball, 34, EV 102.5 MPH)
Batting: RHB Curtis Edwards 0-0: Ball
1-0: Ball
2-0: SINGLE (Line Drive, 7LM, EV 93.1 MPH)
Batting: RHB Alfredo Guerrero 0-0: Ball
1-0: Ground out 6-3 (Groundball, 6S, EV 85.0 MPH)
Top of the 4th over - 0 runs, 1 hit, 0 errors, 1 left on base; Grand Forks 3 - Put-In-Bay 3
BOTTOM OF THE 4TH
Put-In-Bay BC batting - Pitching for Grand Forks Caterpillars : RHP Franck Perrault
Batting: LHB Wyatt Quick 0-0: Ball
1-0: Foul Ball, location: 2F
1-1: Ground out U3 (Groundball, 3, EV 105.0 MPH)
Batting: RHB Tom Hendrickson 0-0: Ball
1-0: SINGLE (Groundball, 6M, EV 110.6 MPH) (infield hit)
Batting: RHB Martin Payton 0-0: Ball
1-0: Called Strike
1-1: Ball
2-1: Ball
3-1: Base on Balls
Tom Hendrickson to second
Batting: RHB Kent Potter 0-0: Foul Ball, location: 2F
0-1: Called Strike
0-2: Ball
1-2: Strikes out swinging
Batting: RHB Victor Haley 0-0: Ball
1-0: Called Strike
1-1: DOUBLE (Flyball, 8LXD, EV 100.6 MPH)
Tom Hendrickson scores
Martin Payton to third
Runner from 3rd tries for Home, SAFE, throw by CF to home
Batting: RHB Eduard Argelander 0-0: Called Strike
0-1: Ground out 5-3 (Groundball, 56, EV 102.5 MPH)
Bottom of the 4th over - 2 runs, 2 hits, 0 errors, 1 left on base; Grand Forks 3 - Put-In-Bay 5
TOP OF THE 5TH
Grand Forks Caterpillars batting - Pitching for Put-In-Bay BC : RHP Jeremy Brody
Batting: SHB Manu Pakkarinen 0-0: SINGLE (Flyball, 89S, EV 95.6 MPH)
Batting: RHB Germán Escobar 0-0: Called Strike
0-1: Foul Ball, location: 2F
0-2: Ball
1-2: Foul Ball, location: 2F
1-2: Strikes out swinging
Batting: LHB Norbert Ingalsbe 0-0: Ball
1-0: Ball
2-0: Ball
3-0: Base on Balls
Manu Pakkarinen to second
Batting: LHB Carlos Rosário 0-0: Fielders Choice at 2nd, 1-6 (Groundball, 34S, EV 68.1 MPH)
Manu Pakkarinen to third
Batting: RHB John Camp 0-0: DOUBLE (Flyball, 78D, EV 99.4 MPH)
Manu Pakkarinen scores
Carlos Rosário to third
Batting: RHB Sam McConnell 0-0: Foul Ball, location: 2F
0-1: Swinging Strike
0-2: Strikes out swinging
Top of the 5th over - 1 run, 2 hits, 0 errors, 2 left on base; Grand Forks 4 - Put-In-Bay 5
BOTTOM OF THE 5TH
Put-In-Bay BC batting - Pitching for Grand Forks Caterpillars : RHP Franck Perrault
Batting: LHB Javier Castro 0-0: Foul Ball, location: 2F
0-1: Fly out, F7 (Line Drive, 7, EV 98.1 MPH)
Batting: LHB Snow Wang 0-0: Called Strike
0-1: Ball
1-1: Ball
2-1: Ball
3-1: Called Strike
3-2: Foul Ball, location: 2F
3-2: Ground out U3 (Groundball, 3, EV 84.4 MPH)
Batting: SHB Ángel García 0-0: Called Strike
0-1: Ball
1-1: Fly out, F9 (Flyball, 9LSF, EV 94.4 MPH)
Bottom of the 5th over - 0 runs, 0 hits, 0 errors, 0 left on base; Grand Forks 4 - Put-In-Bay 5
TOP OF THE 6TH
Grand Forks Caterpillars batting - Pitching for Put-In-Bay BC : RHP Jeremy Brody
Batting: LHB Armando Ventura 0-0: Swinging Strike
0-1: Foul Ball, location: 2F
0-2: Strikes out swinging
Batting: RHB Curtis Edwards 0-0: Ball
1-0: Called Strike
1-1: Foul Ball, location: 2F
1-2: Ball
2-2: Ball
3-2: Ground out 6-3 (Groundball, 6, EV 103.8 MPH)
Batting: RHB Alfredo Guerrero 0-0: Called Strike
0-1: Ball
1-1: Ball
2-1: DOUBLE (Flyball, 89D, EV 110.0 MPH)
Batting: SHB Manu Pakkarinen 0-0: Ball
1-0: Ground out 6-3 (Groundball, 6MS, EV 76.9 MPH)
Top of the 6th over - 0 runs, 1 hit, 0 errors, 1 left on base; Grand Forks 4 - Put-In-Bay 5
BOTTOM OF THE 6TH
Put-In-Bay BC batting - Pitching for Grand Forks Caterpillars : RHP Franck Perrault
Pitching: LHP Pancho Cazalla
Batting: LHB Wyatt Quick 0-0: Ball
1-0: Ball
2-0: Called Strike
2-1: Ball
3-1: SINGLE (Flyball, 8LS, EV 95.0 MPH)
Batting: RHB Tom Hendrickson 0-0: Sac Bunt to 3S - play at first, batter OUT! 3-4
Wyatt Quick to second
Batting: RHB Martin Payton 0-0: Ball
1-0: Ball
2-0: Called Strike
2-1: Fly out, F8 (Flyball, 8RM, EV 86.9 MPH)
Batting: RHB Kent Potter 0-0: Ball
1-0: Called Strike
1-1: Swinging Strike
1-2: Ball
2-2: SINGLE (Line Drive, 56D, EV 100.0 MPH)
Wyatt Quick to third
Runner from 3rd tries for Home, SAFE, no throw by LF
Batting: RHB Victor Haley 0-0: Called Strike
0-1: Ball
1-1: Called Strike
1-2: 2-RUN HOME RUN (Flyball, 78XD, EV 103.8 MPH), Distance : 397 ft
Pitching: RHP César Luna
Batting: RHB Eduard Argelander 0-0: Called Strike
0-1: Ball
1-1: Ball
2-1: Swinging Strike
2-2: Ball
3-2: Base on Balls
Batting: LHB Javier Castro 0-0: Ball
1-0: Foul Ball, location: 2F
1-1: Ball
2-1: Called Strike
2-2: Foul Ball, location: 2F
2-2: Foul Ball, location: 2F
2-2: Strikes out swinging
Bottom of the 6th over - 3 runs, 3 hits, 0 errors, 1 left on base; Grand Forks 4 - Put-In-Bay 8
TOP OF THE 7TH
Grand Forks Caterpillars batting - Pitching for Put-In-Bay BC : RHP Jeremy Brody
Batting: RHB Germán Escobar 0-0: Foul Ball, location: 2F
0-1: Ground out 6-3 (Groundball, 6, EV 80.6 MPH)
Batting: LHB Norbert Ingalsbe 0-0: Ball
1-0: Swinging Strike
1-1: Ground out 6-3 (Groundball, 6, EV 109.4 MPH)
Batting: LHB Carlos Rosário 0-0: Called Strike
0-1: Foul Ball, location: 2F
0-2: Foul Ball, location: 2F
0-2: Ball
1-2: Ball
2-2: Foul Ball, location: 2F
2-2: Foul Ball, location: 2F
2-2: Ball
3-2: Fly out, F3 (Line Drive, 3, EV 65.6 MPH)
Top of the 7th over - 0 runs, 0 hits, 0 errors, 0 left on base; Grand Forks 4 - Put-In-Bay 8
BOTTOM OF THE 7TH
Put-In-Bay BC batting - Pitching for Grand Forks Caterpillars : RHP César Luna
Batting: LHB Snow Wang 0-0: Ball
1-0: Ball
2-0: Ball
3-0: Called Strike
3-1: Called Strike
3-2: Ground out 4-3 (Groundball, 4, EV 86.9 MPH)
Batting: SHB Ángel García 0-0: Foul Ball, location: 2F
0-1: Swinging Strike
0-2: Foul Ball, location: 2F
0-2: Ball
1-2: Ball
2-2: Strikes out looking
Batting: LHB Wyatt Quick 0-0: Fly out, F8 (Flyball, 78D, EV 98.8 MPH)
Bottom of the 7th over - 0 runs, 0 hits, 0 errors, 0 left on base; Grand Forks 4 - Put-In-Bay 8
TOP OF THE 8TH
Grand Forks Caterpillars batting - Pitching for Put-In-Bay BC : RHP Jeremy Brody
Pitching: RHP Jerry Cherry
Batting: RHB John Camp 0-0: Ball
1-0: Ball
2-0: Foul Ball, location: 2F
2-1: Called Strike
2-2: Foul Ball, location: 2F
2-2: Strikes out swinging
Batting: RHB Sam McConnell 0-0: Called Strike
0-1: Called Strike
0-2: Fly out, F9 (Flyball, 9S, EV 89.4 MPH)
Batting: LHB Armando Ventura 0-0: Fly out, F8 (Flyball, 8RXD, EV 82.5 MPH)
Top of the 8th over - 0 runs, 0 hits, 0 errors, 0 left on base; Grand Forks 4 - Put-In-Bay 8
BOTTOM OF THE 8TH
Put-In-Bay BC batting - Pitching for Grand Forks Caterpillars : RHP César Luna
Batting: RHB Tom Hendrickson 0-0: Ball
1-0: Called Strike
1-1: Ball
2-1: Foul Ball, location: 2F
2-2: Strikes out swinging
Batting: RHB Martin Payton 0-0: Foul Ball, location: 2F
0-1: Foul Ball, location: 2F
0-2: Ball
1-2: SINGLE (Groundball, 34D, EV 108.1 MPH)
Batting: RHB Kent Potter 0-0: Called Strike
0-1: Hit by Pitch
Martin Payton to second
Batting: RHB Victor Haley 0-0: Called Strike
0-1: Foul Ball, location: 2F
0-2: Fielders Choice at 2nd, 1-6 (Groundball, 13, EV 65.0 MPH)
Martin Payton to third
Batting: RHB Eduard Argelander 0-0: Foul Ball, location: 2F
0-1: Ball
1-1: Foul Ball, location: 2F
1-2: Strikes out swinging
Bottom of the 8th over - 0 runs, 1 hit, 0 errors, 2 left on base; Grand Forks 4 - Put-In-Bay 8
TOP OF THE 9TH
Grand Forks Caterpillars batting - Pitching for Put-In-Bay BC : RHP Jerry Cherry
Batting: RHB Curtis Edwards 0-0: Called Strike
0-1: Called Strike
0-2: Ball
1-2: Ball
2-2: Strikes out swinging
Batting: RHB Alfredo Guerrero 0-0: Called Strike
0-1: Ball
1-1: Swinging Strike
1-2: Ball
2-2: Strikes out looking
Batting: SHB Manu Pakkarinen 0-0: Called Strike
0-1: Ball
1-1: Foul Ball, location: 2F
1-2: SINGLE (Line Drive, 8LS, EV 91.2 MPH)
Batting: RHB Germán Escobar 0-0: Called Strike
0-1: Swinging Strike
0-2: Strikes out swinging passed ball, reaches first!
Manu Pakkarinen to second
Pitching: RHP Adam Durango
Batting: LHB Norbert Ingalsbe 0-0: Ball
1-0: Ball
2-0: Ball
3-0: Base on Balls
Manu Pakkarinen to third
Germán Escobar to second
Batting: LHB Carlos Rosário 0-0: Ball
1-0: Foul Ball, location: 2F
1-1: Ball
2-1: Ball
3-1: Swinging Strike
3-2: Foul Ball, location: 2F
3-2: Strikes out swinging
Top of the 9th over - 0 runs, 1 hit, 0 errors, 3 left on base; Grand Forks 4 - Put-In-Bay 8
Friday, April 17th, 2020 - OOTP Baseball 20.8 Build 74